 Dungeon Crawl Stone Soup version 0.29.1-12-g30fa7ad0bf (webtiles) character file.

Game seed: 14234463721344319814

64 xzight the Grasshopper (level 4, -1/38 HPs)
             Began as a Gnoll Warper on Dec 30, 2022.
             Slain by Grinder (2 damage)
             ... while paralysed by Grinder
             ... on level 3 of the Dungeon.
             The game lasted 00:02:05 (1865 turns).

xzight the Grasshopper (Gnoll Warper)               Turns: 1865, Time: 00:02:06

Health: -1/38      AC:  4    Str: 10    XL:     4   Next: 12%
Magic:  11/11      EV:  2    Int: 15    God:
Gold:   120        SH:  0    Dex: 11    Spells: 13/13 levels left

rFire   . . .      SeeInvis .   a - +0 spear
rCold   . . .      Faith    .   r - +0 buckler
rNeg    . . .      Spirit   .   b - +0 leather armour
rPois   .          Reflect  .   (no helmet)
rElec   .          Harm     .   p - +0 cloak
rCorr   .          Rampage  .   (no gloves)
Will    .....                   (no boots)
Stlth   +.........              (no amulet)
HPRegen 0.12/turn               E - +4 ring of evasion
MPRegen 0.12/turn               (no ring)

@: paralysed
A: fangs 1, strong nose, distributed training
a: no special abilities


You were on level 3 of the Dungeon.
You visited 1 branch of the dungeon, and saw 3 of its levels.

You collected 120 gold pieces.


Innate Abilities, Weirdness & Mutations

You have very sharp teeth.
Your uncanny sense of smell can sniff out nearby items.
Your experience applies equally to all skills.


   Skills:
 + Level 4.6 Fighting
 + Level 1.1 Short Blades
 + Level 1.1 Long Blades
 + Level 1.1 Axes
 + Level 1.1 Maces & Flails
 + Level 4.6 Polearms
 + Level 1.1 Staves
 + Level 1.1 Ranged Weapons
 + Level 2.7 Throwing
 + Level 2.7 Armour
 + Level 4.6 Dodging
 + Level 1.1 Stealth
 + Level 1.1 Shields
 + Level 1.1 Unarmed Combat
 + Level 5.0 Spellcasting
 + Level 0.8 Conjurations
 + Level 0.8 Hexes
 + Level 0.8 Summonings
 + Level 0.8 Necromancy
 + Level 5.4 Translocations
 + Level 0.8 Transmutations
 + Level 0.8 Fire Magic
 + Level 0.8 Ice Magic
 + Level 0.8 Air Magic
 + Level 0.8 Earth Magic
 + Level 0.8 Poison Magic
 + Level 1.2 Invocations
 + Level 1.1 Evocations


You had 13 spell levels left.
You didn't know any spells.
Your spell library contained the following spells:

 Spells                   Type           Power      Damage    Failure   Level
 Blink                    Tloc           40%        N/A       4%          2
 Gell's Gravitas          Tloc           20%        N/A       9%          3
 Lesser Beckoning         Tloc           20%        N/A       9%          3
 Teleport Other           Tloc           20%        N/A       9%          3
 Sublimation of Blood     Necr           6%         N/A       30%         2
 Ignite Poison            Fire/Tmut/Pois 6%         N/A       52%         3
 Mephitic Cloud           Conj/Pois/Air  6%         N/A       52%         3
 Manifold Assault         Tloc           20%        N/A       63%         5
 Petrify                  Tmut/Erth      6%         N/A       90%         4
 Freezing Cloud           Conj/Ice/Air   3%         6-21      99%         5
 Irradiate                Conj/Tmut      3%         3d12      99%         5

Inventory:

Hand Weapons
 a - a +0 spear (weapon)
Missiles
 d - 7 boomerangs of dispersal (quivered) {=f}
Armour
 b - a +0 leather armour (worn)
 p - a +0 cloak (worn)
 r - a +0 buckler (worn)
Jewellery
 E - a +4 ring of evasion (left hand)
Scrolls
 c - a scroll of blinking
 f - a scroll of immolation {unknown}
 g - 2 scrolls of poison {unknown}
 h - a scroll of fear {unknown}
 j - 2 scrolls of teleportation {unknown}
 l - a scroll of noise {unknown}
 m - a scroll of summoning {unknown}
 o - 2 scrolls of identify {unknown}
 q - a scroll of silence {unknown}
Potions
 e - a potion of magic {unknown}
 i - a potion of mutation {unknown}
 k - a potion of flight {unknown}
 n - a potion of might {unknown}
 s - 2 potions of curing {unknown}

Dungeon Overview and Level Annotations

Branches:
Dungeon (3/15)

Altars:

Shops:
D:2 *

Annotations:
D:1 2 transporters
D:3 exclusion: ice beast, Grinder

#5 #............ ####.#
#.#.###...... . .....
##.#.###.###.# ..
###..##...#.##.##.##
#..##...................
......###.#..>###...####
#..... #....## #..##
#.....###.##.# #..#
#..@5.##.## #. #
.####.###...# #
.........###.# ####(...#
.# ####...# . ##S###...
## ## ∆ #...##.#.# #.
#.. ......#.. .# #.
#.####.▓▓▓##5. # #.


You could see Grinder and a ball python.


Message History

Grinder is heavily wounded.
Grinder misses you.
You barely miss Grinder. Your bite misses Grinder.
Grinder is heavily wounded.
Grinder hits you!
You writhe in agony.
You barely miss Grinder.
Grinder is heavily wounded.
Grinder hits you but does no damage.
You closely miss Grinder. Your bite misses Grinder.
Grinder is heavily wounded.
You hit Grinder but do no damage.
Grinder is heavily wounded.
You block Grinder's attack.
You hit Grinder but do no damage.
Grinder is heavily wounded.
Grinder barely misses you.
You barely miss Grinder.
Grinder is heavily wounded.
Grinder gestures at you.
You suddenly lose the ability to move!
Grinder hits you!
* * * LOW HITPOINT WARNING * * *
Grinder hits you.
* * * LOW HITPOINT WARNING * * *
You writhe in agony.
* * * LOW HITPOINT WARNING * * *
Grinder hits you.
* * * LOW HITPOINT WARNING * * *
You writhe in agony.
You die...

Skill      XL: |  1  2  3 |
---------------+----------+-----
Spellcasting   | 5 |  5.0
Invocations    | 1 |  1.2
Short Blades   | 1 |  1.1
Long Blades    | 1 |  1.1
Axes           | 1 |  1.1
Maces & Flails | 1 |  1.1
Staves         | 1 |  1.1
Ranged Weapons | 1 |  1.1
Stealth        | 1 |  1.1
Shields        | 1 |  1.1
Unarmed Combat | 1 |  1.1
Evocations     | 1 |  1.1
Fighting       | |  4.6
Polearms       | |  4.6
Throwing       | |  2.7
Armour         | |  2.7
Dodging        | |  4.6
Conjurations   | |  0.8
Hexes          | |  0.8
Summonings     | |  0.8
Necromancy     | |  0.8
Translocations | |  5.4
Transmutations | |  0.8
Fire Magic     | |  0.8
Ice Magic      | |  0.8
Air Magic      | |  0.8
Earth Magic    | |  0.8
Poison Magic   | |  0.8

Action                   |  1- 3 |  4- 6 || total
-------------------------+-------+-------++-------
Melee: Spear             |   153 |    34 ||   187
       Bite              |    13 |     2 ||    15
       Punch             |     2 |       ||     2
 Stab: Sleeping          |     1 |     1 ||     2
Armor: Leather armour    |    30 |     2 ||    32
Dodge: Dodged            |    82 |    16 ||    98
Block: Buckler           |       |     3 ||     3

Levels and vault maps discovered:
D:1:      spicycebolla_arrival_transporter_tutorial, layout_rooms,
          shapermc_ecumenical_altar_mp_vishouse
D:2:      layout_rooms, serial_shops, shop, serial_park_tiny_pond
D:3:      layout_loops_ring, nicolae_uskayaw_en_pointe,
          nicolae_ashenzari_skybound, uniq_grinder

Notes
Turn   | Place    | Note
-------+----------+-------------------------------------------
     0 | D:1      | xzight the Gnoll Warper began the quest for the Orb.
     0 | D:1      | Reached XP level 1. HP: 20/20 MP: 6/6
    53 | D:1      | Reached XP level 2. HP: 22/26 MP: 7/7
   470 | D:1      | Reached skill level 5 in Spellcasting
   470 | D:1      | Reached XP level 3. HP: 31/31 MP: 7/9
   572 | D:1      | Found a faded altar of an unknown god.
   807 | D:2      | Reached skill level 1 in Invocations
  1107 | D:2      | Found Ajahuvvi's Assorted Antiques.
  1203 | D:2      | Reached skill level 1 in Short Blades
  1203 | D:2      | Reached skill level 1 in Long Blades
  1203 | D:2      | Reached skill level 1 in Axes
  1203 | D:2      | Reached skill level 1 in Maces & Flails
  1203 | D:2      | Reached skill level 1 in Staves
  1203 | D:2      | Reached skill level 1 in Ranged Weapons
  1203 | D:2      | Reached skill level 1 in Stealth
  1203 | D:2      | Reached skill level 1 in Shields
  1203 | D:2      | Reached skill level 1 in Unarmed Combat
  1203 | D:2      | Reached skill level 1 in Evocations
  1440 | D:2      | Reached XP level 4. HP: 35/38 MP: 11/11
  1740 | D:3      | Noticed an ice beast
  1825 | D:3      | Noticed Grinder
  1852 | D:3      | Paralysed by Grinder for 2 turns
  1862 | D:3      | Paralysed by Grinder for 4 turns
  1865 | D:3      | HP: 1/38 [Grinder (4)]
  1865 | D:3      | Slain by Grinder

Vanquished Creatures
  An adder (D:2)
  A worm (D:2)
  2 dart slugs
  4 ball pythons
  5 endoplasms
  2 giant cockroaches (D:1)
  6 goblins
  A hobgoblin (D:1)
  8 jackals
  2 quokkas
  4 bats (D:1)
  3 frilled lizards
  2 kobolds (D:2)
  A rat (D:3)
42 creatures vanquished.

Table legend: (Time is in decaauts)
 A = Elapsed time spent in this place.
 B = Non-inter-level travel time spent in this place.
 C = Inter-level travel time spent in this place.
 D = Time resting spent in this place.
 E = Time spent auto-exploring this place.
 F = Levels seen in this place.
 G = Mean time per level.
                   A        B        C        D        E       F      G
               +--------+--------+--------+--------+--------+-----+--------+
         Total |   1843 |   1797 |     46 |    231 |   1196 |   3 |  614.3 |
       Dungeon |   1843 |   1797 |     46 |    231 |   1196 |   3 |  614.3 |
               +--------+--------+--------+--------+--------+-----+--------+

Top non-repeatable levels by time:
     D:2: 798 daAuts
     D:1: 775 daAuts
     D:3: 269 daAuts

Table legend:
 A = Non-vault XP
 B = Vault XP
 C = Vault XP percentage of total XP
 D = Non-vault monster count
 E = Vault monster count
 F = Vault count percentage of total count
                 A         B        C        D         E       F
            +---------+---------+-------+---------+---------+-------
      Total |      92 |       0 |   0.0 |      42 |       0 |   0.0
            +---------+---------+-------+---------+---------+-------
        D:1 |      41 |       0 |   0.0 |      22 |       0 |   0.0
        D:2 |      44 |       0 |   0.0 |      16 |       0 |   0.0
        D:3 |       7 |       0 |   0.0 |       4 |       0 |   0.0
            +---------+---------+-------+---------+---------+-------
